 Dungeon Crawl Stone Soup version 0.23.2-1-ga50397a (webtiles) character file.

Game seed: 2700171637986639190

2489 MaxwellSilver the Spear-Bearer (level 9, -4/73 HPs)
             Began as a Merfolk Monk on May 22, 2019.
             Was a Priest of Ru.
             Splashed by a centaur's acid (8 damage)
             ... on level 7 of the Dungeon.
             The game lasted 00:33:21 (7944 turns).

MaxwellSilver the Spear-Bearer (Merfolk Monk)       Turns: 7944, Time: 00:33:21

Health: -4/73      AC:  9    Str: 13    XL:     9   Next: 52%
Magic:  9/9        EV: 13    Int:  9    God:    Ru [***...]
Gold:   285        SH:  4    Dex: 18    Spells: 8/8 levels left

rFire    . . .     SeeInvis .   m - +0 trident
rCold    . . .     Gourm    .   d - +0 buckler
rNeg     . . .     Faith    .   t - +0 ring mail {rPois}
rPois    +         Spirit   .   A - +0 helmet
rElec    .         Reflect  .   (no cloak)
rCorr    .         Harm     .   F - +2 pair of gloves
MR       .....                  (no boots)
Stlth    ++........             (no amulet)
HPRegen  0.22/turn              (no ring)
MPRegen  0.11/turn              (no ring)

@: drained
A: change form in water, swift swim, stealthy swim, inability to use devices,
hated by all
a: Draw Out Power, Renounce Religion


You were on level 7 of the Dungeon.
You worshipped Ru.
Ru was most pleased with you.
You were near starving.

You visited 2 branches of the dungeon, and saw 8 of its levels.
You also visited: Ossuary.

You collected 285 gold pieces.

Inventory:

Hand Weapons
 a - a +0 spear
 m - a +0 trident (weapon)
 o - a +1 glaive
Armour
 b - a +0 robe
 d - a +0 buckler (worn)
 e - a +1 ring mail of fire resistance
 r - a +1 pair of gloves
 t - a +0 ring mail of poison resistance (worn)
 A - a +0 helmet (worn)
 B - a +3 leather armour
 F - a +2 pair of gloves (worn)
Jewellery
 s - a +4 ring of slaying {unknown}
 D - an uncursed ring of protection from cold {unknown}
 E - an uncursed amulet of guardian spirit {unknown}
Scrolls
 f - 7 scrolls of remove curse
 g - a scroll of immolation
 l - 5 scrolls of teleportation
 v - 3 scrolls of identify
 y - a scroll of fog
 C - a scroll of enchant weapon
Potions
 h - 3 potions of cancellation
 i - 2 potions of might {unknown}
 j - 2 potions of mutation {unknown}
 k - a potion of brilliance {unknown}
 n - 3 potions of resistance
 p - 4 potions of heal wounds
 q - 4 potions of lignification
 u - a potion of agility {unknown}
 w - a potion of curing {unknown}
 x - a potion of invisibility {unknown}
 z - a potion of ambrosia
Comestibles
 c - 14 rations


   Skills:
 * Level 7.7(6.9) Fighting
 + Level 13.6(12.7) Polearms
 + Level 6.8(6.0) Dodging
 + Level 4.0(3.3) Stealth


You had 8 spell levels left.
You didn't know any spells.
Your spell library contained the following spells:

 Spells                   Type           Power        Failure   Level  Hunger
 Apportation              Tloc           #.....       83%         1    ##.....
 Confusing Touch          Hex            #.....       83%         1    ##.....
 Animate Skeleton         Necr           Unusable     N/A         1    N/A
 Summon Small Mammal      Summ           Unusable     N/A         1    N/A

Dungeon Overview and Level Annotations

Branches:
Dungeon (7/15)             Temple (1/1) D:6

Altars:
Ashenzari
Cheibriados
Dithmenos
Elyvilon
Fedhas
Gozag
Hepliaklqana
Kikubaaqudgha
Makhleb
Nemelex Xobeh
Okawaru
Qazlal
Ru
Sif Muna
Trog
Vehumet
Wu Jian
Xom
Yredelemnul
Zin
The Shining One

Annotations:
D:5 2 transporters, 3 runed translucent doors, daning's ghost, novice DECj


Innate Abilities, Weirdness & Mutations

You revert to your normal form in water You are very nimble and swift while swimming.
You are very stealthy in the water. (Stealth+)
You cannot study or use magical devices.
You are hated by all.


Message History

You are too injured to fight recklessly!
You are too injured to fight recklessly!
You are too injured to fight recklessly!
You are too injured to fight recklessly!
You are too injured to fight recklessly!
You are too injured to fight recklessly!
You are too injured to fight recklessly!
You are too injured to fight recklessly!
You are too injured to fight recklessly!
You are too injured to fight recklessly!
You are too injured to fight recklessly!
You are too injured to fight recklessly!
You are too injured to fight recklessly!
You are too injured to fight recklessly!
You are too injured to fight recklessly!
You are too injured to fight recklessly!
The centaur zaps a wand.
The bolt of acid hits you!
* * * LOW HITPOINT WARNING * * *
You are splashed with acid!
You die...

#......##.#
#...##....####
#......##.#####.##....#
#......##.##.......####
###.#..##.##.......#
#.##.##.##.......#
#.##.##†##.÷.....# ###
#.##.##(##.......# #..
#.##..#(##.......# #..
######.###.#@##.......#
#..
...oo...(...c.........#
#..
.......####...........#
#..
o......#.......########
#.. .......#....>..#
#.. .......#.......####
#.. .......###........#
### ####### #......[.#
#........#


You could see a centaur.

Vanquished Creatures
  Pikel (D:6)
  A hungry ghost (D:7)
  A water moccasin (D:6)
  A sky beast (D:5)
  An orc warrior (D:7)
  A phantom (D:4)
  A slave (D:5)
  2 ogres
  A centaur (D:6)
  3 bullfrogs
  A water moccasin zombie (Ossuary)
  A scorpion (D:6)
  4 wights (D:7)
  A howler monkey (D:6)
  3 crimson imps (D:6)
  A centaur skeleton (D:6)
  2 hounds (D:4)
  3 jellies
  2 orc wizards (D:7)
  A bullfrog skeleton (D:4)
  5 worker ants
  A big kobold zombie (Ossuary)
  2 mummies (Ossuary)
  A worker ant zombie (D:7)
  7 adders
  A shadow imp (D:7)
  6 oozes
  2 adder skeletons
  3 adder zombies (Ossuary)
  3 worms
  3 dart slugs
  5 leopard geckos
  10 orcs
  8 bats
  6 giant cockroaches
  6 goblins
  5 hobgoblins
  22 jackals
  6 quokkas
  2 ball pythons (D:3)
  4 frilled lizards
  4 gnoll zombies (Ossuary)
  7 hobgoblin zombies (Ossuary)
  7 kobolds
  A leopard gecko zombie (D:5)
  5 orc zombies (Ossuary)
  A quokka zombie (D:6)
  9 rats
174 creatures vanquished.

Vanquished Creatures (others)
  A slave (D:6)
  A howler monkey (D:6)
  An orc (D:7)
3 creatures vanquished.

Grand Total: 177 creatures vanquished

Notes
Turn   | Place    | Note
-------+----------+-------------------------------------------
     0 | D:1      | MaxwellSilver the Merfolk Monk began the quest for the Orb.
     0 | D:1      | Reached XP level 1. HP: 18/18 MP: 1/1
     1 | D:1      | Found a runed translucent door.
   406 | D:1      | Reached skill level 5 in Polearms
   406 | D:1      | Reached XP level 2. HP: 24/24 MP: 2/2
  1092 | D:2      | Reached skill level 6 in Polearms
  1092 | D:2      | Reached XP level 3. HP: 29/29 MP: 3/3
  1274 | D:2      | Found a shattered altar of Ashenzari.
  2013 | D:3      | Reached XP level 4. HP: 35/35 MP: 4/4
  2023 | D:3      | Reached skill level 7 in Polearms
  2817 | D:4      | Reached XP level 5. HP: 24/41 MP: 5/5
  3069 | D:4      | Reached skill level 8 in Polearms
  3400 | D:4      | Reached XP level 6. HP: 45/48 MP: 6/6
  3431 | D:4      | Reached skill level 9 in Polearms
  3628 | D:4      | Noticed a phantom
  3686 | D:4      | Killed a phantom
  3686 | D:4      | Reached skill level 5 in Dodging
  3686 | D:4      | Reached XP level 7. HP: 20/55 MP: 7/7
  4064 | D:5      | Entered Level 5 of the Dungeon
  4083 | D:5      | Found a transporter.
  4092 | D:5      | Found a white marble altar of Elyvilon.
  4107 | D:5      | Found a runed translucent gate.
  4107 | D:5      | Found a runed translucent gate.
  4107 | D:5      | Found a runed translucent gate.
  4107 | D:5      | Found an opulent altar of Gozag.
  4109 | D:5      | Noticed daning's ghost (novice DECj)
  4117 | D:5      | Reached skill level 10 in Polearms
  4521 | D:5      | Found a transporter.
  4596 | D:5      | Found a sand-covered staircase.
  4605 | Ossuary  | Entered an ossuary
  4759 | Ossuary  | Reached skill level 5 in Fighting
  5370 | D:6      | Reached skill level 11 in Polearms
  5400 | D:6      | Noticed Pikel
  5491 | D:6      | Reached XP level 8. HP: 56/62 MP: 8/8
  5502 | D:6      | Found a staircase to the Ecumenical Temple.
  5530 | Temple   | Entered the Ecumenical Temple
  5648 | Temple   | Became a worshipper of Ru the Awakened
  5674 | Temple   | Gained mutation: You cannot study or use magical devices.
                  | [Ru sacrifice]
  5674 | Temple   | Reached * piety under Ru
  5674 | Temple   | Reached ** piety under Ru
  6284 | D:6      | Killed Pikel
  6284 | D:6      | Reached skill level 12 in Polearms
  6284 | D:6      | Reached XP level 9. HP: 33/71 MP: 9/9
  6573 | D:6      | Reached skill level 13 in Polearms
  7759 | D:7      | Gained mutation: You are hated by all. [Ru sacrifice]
  7759 | D:7      | Reached *** piety under Ru
  7944 | D:7      | Splashed by a centaur's acid

Skill      XL: |  1  2  3  4  5  6  7  8  9 |
---------------+----------------------------+-----
Polearms       | 5 6 7 8 9 11 12 13 | 13.6
Fighting       | 4 5 6 7 |  7.7
Dodging        | 5 6 |  6.8
Stealth        | 3 4 |  4.0

Action                   |  1- 3 |  4- 6 |  7- 9 || total
-------------------------+-------+-------+-------++-------
Melee: Spear             |   180 |   117 |       ||   297
       Trident           |       |   117 |   523 ||   640
Invok: Sacrifice Artific |       |       |     1 ||     1
       Sacrifice Love    |       |       |     1 ||     1
  Use: Scroll            |       |    12 |     1 ||    13
       Potion            |       |     2 |       ||     2
 Stab: Sleeping          |     6 |     4 |     7 ||    17
       Distracted        |     1 |       |     2 ||     3
       Invisible         |       |       |     2 ||     2
  Eat: Chunk             |     3 |     5 |     8 ||    16
       Ration            |       |       |     3 ||     3
Armor: Robe              |    14 |     5 |       ||    19
       Ring mail         |       |    37 |    95 ||   132
Dodge: Dodged            |    78 |    88 |   156 ||   322
Block: Buckler           |     7 |    19 |    44 ||    70
